 Dungeon Crawl Stone Soup version 0.30-a0-857-gcaf70739d4 (webtiles) character file.

Game seed: 6467139096916284172

5 Esekla the Sneak (level 1, 16/16 HPs)
             Began as an Octopode Delver on Mar 6, 2023.
             Quit the game on level 5 of the Dungeon.
             The game lasted 00:00:54 (105 turns).

Esekla the Sneak (Octopode Delver)                   Turns: 105, Time: 00:00:55

Health: 16/16      AC:  1    Str: 11    XL:     1   Next: 80%
Magic:  1/1        EV: 13    Int: 12    God:
Gold:   54         SH:  0    Dex: 13    Spells: 0/0 levels left

rFire   . . .      SeeInvis .    a - +0 falchion
rCold   . . .      Faith    .    (no shield)
rNeg    . . .      Spirit   .    (helmet restricted)
rPois   .          Reflect  .    (no amulet)
rElec   .          Rampage  .    (no ring)
rCorr   .                        (no ring)
Will    .....                    (no ring)
Stlth   ++++                     (no ring)
HPRegen 0.22/turn                (no ring)
MPRegen 0.07/turn                (no ring)
                                 (no ring)
                                 (no ring)

@: no status effects
A: almost no armour, amphibious, 8 rings, camouflage 1, gelatinous body 1,
(nimble swimmer 1), tentacles
a: no special abilities


You were on level 5 of the Dungeon.
You visited 1 branch of the dungeon, and saw 1 of its levels.

You collected 54 gold pieces.

Inventory:

Hand Weapons
 a - a +0 falchion (weapon)
Missiles
 i - 5 poisoned darts (quivered)
Wands
 f - a wand of digging (3)
Scrolls
 b - a scroll of fog
 c - a scroll of noise {unknown}
 d - a scroll of fear
 g - a scroll of blinking {unknown}
Potions
 e - a potion of haste
 h - a potion of resistance {unknown}


   Skills:
 * Level 3.0 Fighting
 * Level 2.0 Long Blades
 * Level 2.0 Dodging
 + Level 6.8 Stealth
 * Level 0.1 Spellcasting


You couldn't memorise any spells.
You didn't know any spells.
Your spell library was empty.

Dungeon Overview and Level Annotations

Branches:
Dungeon (5/15)
 Temple: D:4-7

Altars:


Innate Abilities, Weirdness & Mutations

You cannot wear most types of armour.
You are amphibious.
You can wear up to eight rings at the same time.
Your skin changes colour to match your surroundings (Stealth+).
Your rubbery body absorbs attacks. (AC +1, EV +1)
((You are camouflaged when in or above water. (Stealth+)))
You have tentacles for arms and can constrict up to eight enemies at once.


Message History

h - a ruby potion An ufetubus comes into view.
Found 13 gold pieces.
The ufetubus shouts!
You see here 16 gold pieces.
You now have 32 gold pieces (gained 16).
You closely miss the ufetubus. You grab the ufetubus. You squeeze the ufetubus.
The ufetubus is severely wounded.
You constrict the ufetubus. The ufetubus hits you.
The ufetubus closely misses you.
You hit the ufetubus but do no damage.
The ufetubus is almost dead.
You constrict the ufetubus.
You kill the ufetubus!
You now have 45 gold pieces (gained 13).
As you read the scroll of magic mapping, it crumbles to dust.
You feel aware of your surroundings.
You sensed 1 altar.
Found a scroll labelled WUEXERGH NAOKK.
Found 9 gold pieces.
c - a scroll labelled WUEXERGH NAOKK You now have 54 gold pieces (gained 9).
You open the door.
There is an open door here.
You enter the deep water.
You open the door.
Found 5 poisoned darts.
Found a spear.
There is an open door here.
An iguana comes into view.
Found a stone staircase leading down.
You see here 5 poisoned darts.
i - 5 poisoned darts You enter the deep water.
You enter the deep water.
Found a stone staircase leading up.
A water moccasin comes into view.
A worm comes into view.
Found 20 gold pieces.
A goblin comes into view. It is wielding a +0 spear.
Are you sure you want to abandon this character and quit the game? (Confirm with "yes".)

*,*,,,..l.,** #....≈.#****,,,***
,*,,,..#>.,,* ##≈≈≈≈.# *,*,,**
*,,,,.,..,,.###*#####.#####.#*,**
,*****##.,,w...#* #.........#*,**
*,* **,,,*#..###..........,,,,
,** *.#,*#..............#*,** *,*
***....####............,,** *,*
*,,.........#..<......#*,,, ,,*
*,*,...S##@...#######..,,**
,,*****,,........#### *##***
,,**,,,,,.....####
,,,,,,,,,....,* ,,**,,,,*≈≈.~~*
*********g≈,~,* *≈~,~~* *,,8,,*
*,8_8,*


You could see a goblin (asleep).

Vanquished Creatures
  An ufetubus (D:5)
1 creature vanquished.

Notes
Turn   | Place    | Note
-------+----------+-------------------------------------------
     0 | D:5      | Esekla the Octopode Delver began the quest for the Orb.
     0 | D:5      | Reached XP level 1. HP: 16/16 MP: 1/1
    88 | D:5      | Noticed an iguana
   101 | D:5      | Noticed a water moccasin
   105 | D:5      | Quit the game

Illustrated notes

Levels and vault maps discovered:
D:5:      layout_rooms, kennysheep_okawaru_gauntlet, serial_rivers,
          chequers_serial_rivers_micro_d, chequers_serial_rivers_micro_d,
          chequers_serial_rivers_micro_d, chequers_serial_rivers_room_b,
          chequers_serial_rivers_small_3, chequers_serial_rivers_micro_a,
          minivault_23

Action                     || total
---------------------------++-------
  Melee: Falchion          ||     2
         Constrict         ||     1
         Tentacles         ||     1
    Use: Scroll            ||     1
  Dodge: Dodged            ||     1

Table legend: (Time is in decaauts)
 A = Elapsed time spent in this place.
 B = Non-inter-level travel time spent in this place.
 C = Inter-level travel time spent in this place.
 D = Time resting spent in this place.
 E = Time spent auto-exploring this place.
 F = Levels seen in this place.
 G = Mean time per level.
                   A        B        C        D        E       F      G
               +--------+--------+--------+--------+--------+-----+--------+
         Total |    105 |    105 |      0 |      0 |      0 |   1 |  105.0 |
       Dungeon |    105 |    105 |      0 |      0 |      0 |   1 |  105.0 |
               +--------+--------+--------+--------+--------+-----+--------+

Top non-repeatable levels by time:
     D:5: 105 daAuts
